Zazza, neutral female human Tourist # ---------- ------+---- |.........# |.........| ----------- ------ |........|# |..........# |.........| |....| |........|# |.........|# |.........| #+.....# |........|# |.........|# |.........| #|....|# ----------# |.........|# |..........# #|....|# # -+---------# -------+---# #|....|# # ## # ## # #------# # # # # # ## # # ################## #### ######### # # # # # # ------ #-------------# # # # ###|....| #|...........+# # # # #-....| #............| # # #-----+------- |.<..| |...#.>.....| # ----- ---- #|............########.....| -+----------- ##....| |..| #|...........| |....| # |...| |..| #+@...........########------ #.<..| ---- |...........| ##################################|...| ------------- ----- Zazza the Rambler Experience level: 1 Strength: 11 Dexterity: 11 Constitution: 18 Intelligence: 14 Wisdom: 7 Charisma: 16 Health: 0(17) Energy: 2(2) Def: 3 Gold: 1980 Moves: 1611 Dungeon seed: GDiXraYKXp8XXH23 Game ID: Zazza_1619543344 Your Inventory: Coins $ - 1980 gold pieces Weapons a - 40 +2 darts (in quiver) x - a +0 dwarvish mattock F - a cursed -1 glaive H - 8 +0 darts J - a +0 dagger (weapon in hand) L - a +0 orcish dagger M - a +0 scimitar Armor e - an uncursed +0 Hawaiian shirt (being worn) r - a blessed +2 orcish helm (being worn) z - a blessed +4 orcish helm Comestibles b - 5 uncursed food rations c - 2 uncursed tripe rations d - 3 uncursed slime molds Scrolls k - 2 blessed scrolls of magic mapping q - an uncursed scroll of identify K - a cursed scroll of teleportation Spellbooks D - an uncursed spellbook of identify G - an uncursed spellbook of detect monsters Potions i - an uncursed potion of extra healing C - an uncursed potion of gain ability Rings s - an uncursed ring of stealth (on left hand) Wands p - a cursed wand of digging (0:3) N - a wand of digging (0:8) Tools l - an expensive camera (0:96) m - an uncursed credit card w - an uncursed magic whistle I - an uncursed tallow candle (0:200) Gems n - an uncursed worthless piece of green glass y - 2 uncursed worthless pieces of yellowish brown glass Spells and supernatural/magical abilities: Name Level Category Fail Memory n - detect monsters 1 divination 42% 97% I - identify 3 divination 100% 96% W - pray for help -- divine ? -- Your skills at the end: Fighting Skills Weapon Skills dart [Basic] Spellcasting Skills Final Attributes: You were nominally aligned. You were stealthy. You were lucky. You are dead. Vanquished creatures: a giant bat a dwarf zombie an acid blob a hobbit a yellow mold a gnome a gecko a fox a kobold 2 goblins 3 sewer rats 6 grid bugs a kobold zombie 8 newts 29 creatures vanquished. Voluntary challenges: You were vegetarian. You never hit with a wielded weapon. You were a pacifist. You read items or engraved 21 times, starting on turn 344. You never genocided any monsters. You never polymorphed an object. You never changed form. You used no wishes. You never split a pudding. You wrote Elbereth's name 2 times, starting on turn 800. You never violated your personal moral code. Dungeon overview: The Dungeons of Doom: levels 1 to 6 Level 1 a long staircase Level 2 a general store, a sink a long staircase Level 3 Level 4 a fountain Level 5 many fountains Level 6 <- You were here a sink a long staircase History has recorded: On T:1 you entered the Dungeons of Doom to retrieve the Amulet of Yendor! On T:130 you reached level 2 of The Dungeons of Doom. On T:856 you reached level 3 of The Dungeons of Doom. On T:1066 you reached level 4 of The Dungeons of Doom. On T:1328 you reached level 5 of The Dungeons of Doom. On T:1564 you reached level 6 of The Dungeons of Doom. Score breakdown: Gold: 1246 (10531 points) Experience: 1 level ( 0 points) Exploration: 6 levels ( 12.24%) ( 9682 points) Discoveries: 7 items ( 2.35%) ( 4597 points) Valuables value: (no points given unless you survive) Artifact value: 0 ( 0 points) Variety of kills: 14 monsters ( 3.67%) ( 5750 points) Turncount: 1611 turns ( 0 points) Survival: died (score multiplied by 80%) Total score: 24448 Latest messages: You displace Armand. The giant bat bites! You stop. Armand is in the way! The giant bat bites! (2x) You displace Armand. You hear some noises. You displace Armand. You stop. Armand is in the way! You hear some noises. An arrow shoots out at you! You are hit by an arrow. The giant bat bites! N - a wand of digging. You hear a jackal howling at the moon. As you read the scroll, it disappears. A map coalesces in your mind! You hear a jackal howling at the moon. The door opens. KABOOM!! The door was booby-trapped! You die... Final status: Aloha Zazza the Tourist, killed by an explosion... You died in The Dungeons of Doom on dungeon level 6 with 24448 points, and 1980 pieces of gold, after 1611 moves. You were level 1 with a maximum of 17 hit points when you died.